| TOP OF THE 1ST |
|
Kingsport Mets batting - Pitching for Chicago (APP) Cubs : RHP Jose Mata
|
|
Pitching: RHP Jose Mata
|
|
|
Batting: SHB Tyler Maddux
|
0-0: Fly out, F9 (Flyball, 9, EV 89.4 MPH)
|
|
Batting: RHB Andy Carrell
|
0-0: Fly out, F8 (Flyball, 8RM, EV 88.8 MPH)
|
|
Batting: LHB Dan Bremseth
|
0-0: Swinging Strike 0-1: Ball 1-1: Ball 2-1: Fly out, F9 (Line Drive, 89D, EV 93.1 MPH)
|
| Top of the 1st over - 0 runs, 0 hits, 0 errors, 0 left on base; Kingsport 0 - Chicago (APP) 0 |
| BOTTOM OF THE 1ST |
|
Chicago (APP) Cubs batting - Pitching for Kingsport Mets : RHP Sandro Fibonacci
|
|
Pitching: RHP Sandro Fibonacci
|
|
|
Batting: RHB Adrian Cox
|
0-0: Called Strike 0-1: Foul Ball, location: 2F 0-2: Ball 1-2: Ground out 4-3 (Groundball, 4M, EV 79.4 MPH)
|
|
Batting: RHB Mike Hill
|
0-0: Ball 1-0: Foul Ball, location: 2F 1-1: Ball 2-1: Foul Ball, location: 2F 2-2: Ball 3-2: Strikes out swinging
|
|
Batting: LHB Hiroki Yamamoto
|
0-0: Ball 1-0: SINGLE (Groundball, 56D, EV 100.6 MPH)
|
|
Batting: RHB T.J. Garrison
|
0-0: Called Strike 0-1: Called Strike 0-2: Strikes out swinging
|
| Bottom of the 1st over - 0 runs, 1 hit, 0 errors, 1 left on base; Kingsport 0 - Chicago (APP) 0 |
| TOP OF THE 2ND |
|
Kingsport Mets batting - Pitching for Chicago (APP) Cubs : RHP Jose Mata
|
|
Batting: LHB Miguel Ramos
|
0-0: Foul Ball, location: 2F 0-1: Swinging Strike 0-2: Ball 1-2: Strikes out swinging
|
|
Batting: SHB Nick Daigle
|
0-0: Ball 1-0: SINGLE (Flyball, 7LS, EV 88.8 MPH)
|
|
Batting: LHB Matt Baker
|
0-0: Ball 1-0: Ball 2-0: Ball 3-0: Called Strike 3-1: Base on Balls Nick Daigle to second
|
|
Batting: RHB Chris Graham
|
0-0: Ball 1-0: Swinging Strike 1-1: Foul Ball, location: 2F 1-2: Ball 2-2: Strikes out swinging
|
|
Batting: RHB Roberto Delgado
|
0-0: Ball 1-0: Ball 2-0: Ball 3-0: Called Strike 3-1: Base on Balls Nick Daigle to third Matt Baker to second
|
|
Batting: LHB Jeremy Moorehead
|
0-0: Ball 1-0: Foul Ball, location: 2F 1-1: Ball 2-1: Ball 3-1: Fly out, F7 (Line Drive, 7, EV 96.9 MPH)
|
| Top of the 2nd over - 0 runs, 1 hit, 0 errors, 3 left on base; Kingsport 0 - Chicago (APP) 0 |
| BOTTOM OF THE 2ND |
|
Chicago (APP) Cubs batting - Pitching for Kingsport Mets : RHP Sandro Fibonacci
|
|
Batting: RHB Dustin Goldsborough
|
0-0: Called Strike 0-1: Ball 1-1: Ground out 4-3 (Groundball, 4, EV 88.8 MPH)
|
|
Batting: RHB Andy Baumhardt
|
0-0: Ball 1-0: Called Strike 1-1: Called Strike 1-2: Strikes out swinging
|
|
Batting: LHB Tom Mooney
|
0-0: Fly out, F3 (Line Drive, 34, EV 70.0 MPH)
|
| Bottom of the 2nd over - 0 runs, 0 hits, 0 errors, 0 left on base; Kingsport 0 - Chicago (APP) 0 |
| TOP OF THE 3RD |
|
Kingsport Mets batting - Pitching for Chicago (APP) Cubs : RHP Jose Mata
|
|
Batting: SHB Tyler Maddux
|
0-0: Bunt missed! 0-1: Ground out 3-1 (Groundball, 34, EV 86.2 MPH)
|
|
Batting: RHB Andy Carrell
|
0-0: Ground out 1-3 (Groundball, 13, EV 67.5 MPH)
|
|
Batting: LHB Dan Bremseth
|
0-0: Called Strike 0-1: Ball 1-1: Called Strike 1-2: Foul Ball, location: 2F 1-2: Foul Ball, location: 2F 1-2: Strikes out swinging
|
| Top of the 3rd over - 0 runs, 0 hits, 0 errors, 0 left on base; Kingsport 0 - Chicago (APP) 0 |
| BOTTOM OF THE 3RD |
|
Chicago (APP) Cubs batting - Pitching for Kingsport Mets : RHP Sandro Fibonacci
|
|
Batting: RHB Ricardo Saucedo
|
0-0: Ball 1-0: Ball 2-0: Ball 3-0: Called Strike 3-1: Swinging Strike 3-2: Strikes out swinging, 2-3 out at first.
|
|
Batting: RHB Bogdan Sdobnyakov
|
0-0: Foul Ball, location: 2F 0-1: Ball 1-1: Foul Ball, location: 2F 1-2: Strikes out swinging
|
|
Batting: RHB Adrian Cox
|
0-0: Fly out, F2 (Popup, 2RF, EV 90.0 MPH)
|
| Bottom of the 3rd over - 0 runs, 0 hits, 0 errors, 0 left on base; Kingsport 0 - Chicago (APP) 0 |
| TOP OF THE 4TH |
|
Kingsport Mets batting - Pitching for Chicago (APP) Cubs : RHP Jose Mata
|
|
Batting: LHB Miguel Ramos
|
0-0: Ball 1-0: Ball 2-0: Ball 3-0: Called Strike 3-1: Called Strike 3-2: Foul Ball, location: 2F 3-2: Reached on error, E4 (Groundball, 4, EV 87.5 MPH)
|
|
Batting: SHB Nick Daigle
|
0-0: Ball 1-0: Ball 2-0: Called Strike 2-1: Ball 3-1: Base on Balls Miguel Ramos to second
|
|
Batting: LHB Matt Baker
|
0-0: Swinging Strike 0-1: Foul Ball, location: 2F 0-2: Foul Ball, location: 2F 0-2: Ball 1-2: Strikes out swinging
|
|
Batting: RHB Chris Graham
|
0-0: Ball 1-0: Called Strike 1-1: Ball 2-1: Foul Ball, location: 2F 2-2: Ball 3-2: Foul Ball, location: 2F 3-2: Foul Ball, location: 2F 3-2: Strikes out swinging
|
|
Batting: RHB Roberto Delgado
|
0-0: Swinging Strike 0-1: Swinging Strike 0-2: Ball 1-2: Strikes out swinging, 2-3 out at first.
|
| Top of the 4th over - 0 runs, 0 hits, 1 error, 2 left on base; Kingsport 0 - Chicago (APP) 0 |
| BOTTOM OF THE 4TH |
|
Chicago (APP) Cubs batting - Pitching for Kingsport Mets : RHP Sandro Fibonacci
|
|
Batting: RHB Mike Hill
|
0-0: Ball 1-0: Foul Ball, location: 2F 1-1: Swinging Strike 1-2: Ball 2-2: Foul Ball, location: 2F 2-2: DOUBLE (Flyball, 8RXD, EV 97.5 MPH)
|
|
Batting: LHB Hiroki Yamamoto
|
0-0: Swinging Strike 0-1: Foul Ball, location: 2F 0-2: Ball Wild Pitch! Mike Hill to third 1-2: Ball Wild Pitch! Mike Hill scores 2-2: Ball 3-2: Foul Ball, location: 2F 3-2: Strikes out swinging
|
|
Batting: RHB T.J. Garrison
|
0-0: Called Strike 0-1: Ball 1-1: Ball 2-1: Swinging Strike 2-2: Strikes out looking
|
|
Batting: RHB Dustin Goldsborough
|
0-0: Foul Ball, location: 2F 0-1: Ball 1-1: SINGLE (Line Drive, 9S, EV 95.6 MPH)
|
|
Batting: RHB Andy Baumhardt
|
0-0: Called Strike 0-1: Fly out, F7 (Flyball, 7D, EV 88.8 MPH)
|
| Bottom of the 4th over - 1 run, 2 hits, 0 errors, 1 left on base; Kingsport 0 - Chicago (APP) 1 |
| TOP OF THE 5TH |
|
Kingsport Mets batting - Pitching for Chicago (APP) Cubs : RHP Jose Mata
|
|
Batting: LHB Jeremy Moorehead
|
0-0: Ball 1-0: Ball 2-0: Ball 3-0: Base on Balls
|
|
Batting: SHB Tyler Maddux
|
0-0: Ball 1-0: Fielders Choice at 2nd, 6-4 (Groundball, 6, EV 103.1 MPH)
|
|
Batting: RHB Andy Carrell
|
0-0: Ball 1-0: Ball 2-0: Called Strike 2-1: Foul Ball, location: 2F 2-2: Fly out, F9 (Flyball, 89S, EV 79.4 MPH)
|
|
Batting: LHB Dan Bremseth
|
0-0: Ball Tyler Maddux steals 2nd base 1-0: Ball 2-0: Called Strike 2-1: Foul Ball, location: 2F 2-2: Foul Ball, location: 2F 2-2: Ball 3-2: Base on Balls
|
|
Batting: LHB Miguel Ramos
|
0-0: Fly out, F8 (Flyball, 8RD, EV 98.1 MPH)
|
| Top of the 5th over - 0 runs, 0 hits, 0 errors, 2 left on base; Kingsport 0 - Chicago (APP) 1 |
| BOTTOM OF THE 5TH |
|
Chicago (APP) Cubs batting - Pitching for Kingsport Mets : RHP Sandro Fibonacci
|
|
Batting: LHB Tom Mooney
|
0-0: Ball 1-0: Ball 2-0: Foul Ball, location: 2F 2-1: Fly out, F8 (Flyball, 78D, EV 98.8 MPH)
|
|
Batting: RHB Ricardo Saucedo
|
0-0: Ground out 5-3 (Groundball, 56, EV 89.4 MPH)
|
|
Batting: RHB Bogdan Sdobnyakov
|
0-0: Ball 1-0: Called Strike 1-1: Ball 2-1: Ball 3-1: Base on Balls
|
|
Batting: RHB Adrian Cox
|
0-0: Foul Ball, location: 2F 0-1: Called Strike 0-2: Fly out, F8 (Flyball, 78M, EV 86.2 MPH)
|
| Bottom of the 5th over - 0 runs, 0 hits, 0 errors, 1 left on base; Kingsport 0 - Chicago (APP) 1 |
| TOP OF THE 6TH |
|
Kingsport Mets batting - Pitching for Chicago (APP) Cubs : RHP Jose Mata
|
|
Batting: SHB Nick Daigle
|
0-0: Ball 1-0: SOLO HOME RUN (Flyball, 9LD, EV 90.0 MPH), Distance : 341 ft
|
|
Batting: LHB Matt Baker
|
0-0: Ball 1-0: Ball 2-0: Ball 3-0: Base on Balls
|
|
Batting: RHB Chris Graham
|
0-0: Foul Ball, location: 2F 0-1: Foul Ball, location: 2F 0-2: Fielders Choice at 2nd, 6-4 (Groundball, 6, EV 93.8 MPH)
|
|
Batting: RHB Roberto Delgado
|
0-0: SINGLE (Line Drive, 78S, EV 99.4 MPH) Chris Graham to second
|
|
Batting: LHB Jeremy Moorehead
|
0-0: Ball 1-0: Ball 2-0: Called Strike 2-1: Ball 3-1: Called Strike 3-2: Ground out 5-3 (Groundball, 25, EV 62.5 MPH) Chris Graham to third Roberto Delgado to second
|
|
Batting: SHB Tyler Maddux
|
0-0: Ball 1-0: Ground out 5-3 (Groundball, 56, EV 77.5 MPH)
|
| Top of the 6th over - 1 run, 2 hits, 0 errors, 2 left on base; Kingsport 1 - Chicago (APP) 1 |
| BOTTOM OF THE 6TH |
|
Chicago (APP) Cubs batting - Pitching for Kingsport Mets : RHP Sandro Fibonacci
|
|
Batting: RHB Mike Hill
|
0-0: Ball 1-0: Ball 2-0: SINGLE (Groundball, 6MD, EV 95.6 MPH)
|
|
Batting: LHB Hiroki Yamamoto
|
0-0: Ball 1-0: Called Strike 1-1: Swinging Strike 1-2: Foul Ball, location: 2F 1-2: Ball Passed Ball! Mike Hill to second 2-2: Strikes out swinging, 2-3 out at first.
|
|
Batting: RHB T.J. Garrison
|
0-0: Foul Ball, location: 2F 0-1: Ball 1-1: SINGLE (Groundball, 6MD, EV 94.4 MPH) Mike Hill to third Runner from 3rd tries for Home, throw by CF and OUT! 8-2
|
|
Batting: RHB Dustin Goldsborough
|
0-0: Ball 1-0: Foul Ball, location: 2F 1-1: Called Strike 1-2: Strikes out looking
|
| Bottom of the 6th over - 0 runs, 2 hits, 0 errors, 1 left on base; Kingsport 1 - Chicago (APP) 1 |
| TOP OF THE 7TH |
|
Kingsport Mets batting - Pitching for Chicago (APP) Cubs : RHP Jose Mata
|
|
Pitching: RHP Trevor Woodbury
|
|
|
Batting: RHB Andy Carrell
|
0-0: Foul Ball, location: 2F 0-1: Ball 1-1: Ball 2-1: Foul Ball, location: 2F 2-2: Ball 3-2: Foul Ball, location: 2F 3-2: Foul Ball, location: 2F 3-2: Ground out 5-3 (Groundball, 56, EV 84.4 MPH)
|
|
Pitching: RHP Velimir Sljivancanin
|
|
|
Batting: LHB Dan Bremseth
|
0-0: Called Strike 0-1: Ball 1-1: Ball 2-1: Foul Ball, location: 2F 2-2: Strikes out swinging
|
|
Batting: LHB Miguel Ramos
|
0-0: Called Strike 0-1: Foul Ball, location: 2F 0-2: Foul Ball, location: 2F 0-2: SOLO HOME RUN (Flyball, 9D, EV 101.9 MPH), Distance : 383 ft
|
|
Batting: SHB Nick Daigle
|
0-0: Ground out 5-3 (Groundball, 56, EV 82.5 MPH)
|
| Top of the 7th over - 1 run, 1 hit, 0 errors, 0 left on base; Kingsport 2 - Chicago (APP) 1 |
| BOTTOM OF THE 7TH |
|
Chicago (APP) Cubs batting - Pitching for Kingsport Mets : RHP Sandro Fibonacci
|
|
Batting: RHB Andy Baumhardt
|
0-0: Foul Ball, location: 2F 0-1: Foul Ball, location: 2F 0-2: Ball 1-2: Ball 2-2: Ball 3-2: Foul Ball, location: 2F 3-2: Base on Balls
|
|
Batting: LHB Tom Mooney
|
0-0: Bunt missed! 0-1: Bunted foul 0-2: Ball 1-2: Bunted foul, Strikeout!
|
|
Batting: RHB Ricardo Saucedo
|
0-0: Sac Bunt to 2R - play at first, batter OUT! 2-3 Andy Baumhardt to second
|
|
Batting: RHB Bogdan Sdobnyakov
|
0-0: Ball Passed Ball! Andy Baumhardt to third 1-0: DOUBLE (Groundball, 5L, EV 100.0 MPH) Andy Baumhardt scores
|
|
Pitching: LHP Tony Diaz
|
|
|
Batting: RHB Adrian Cox
|
0-0: Ball 1-0: Ground out 4-3 (Groundball, 4MD, EV 96.2 MPH)
|
| Bottom of the 7th over - 1 run, 1 hit, 0 errors, 1 left on base; Kingsport 2 - Chicago (APP) 2 |
| TOP OF THE 8TH |
|
Kingsport Mets batting - Pitching for Chicago (APP) Cubs : RHP Velimir Sljivancanin
|
|
Batting: LHB Matt Baker
|
0-0: Ground out U3 (Groundball, 34, EV 92.5 MPH)
|
|
Pinch Hitting: RHB Coltin Nellis
|
0-0: Ball 1-0: Called Strike 1-1: Ball 2-1: Called Strike 2-2: Ball 3-2: Foul Ball, location: 2F 3-2: Base on Balls
|
|
Batting: LHB Jason Jones
|
0-0: Ball Wild Pitch! Coltin Nellis to second 1-0: Fly out, F8 (Flyball, 78M, EV 85.6 MPH)
|
|
Batting: LHB Jeremy Moorehead
|
0-0: Ball 1-0: Ball 2-0: Ball 3-0: Base on Balls
|
|
Batting: SHB Tyler Maddux
|
0-0: Called Strike 0-1: Ball 1-1: Ball 2-1: Foul Ball, location: 2F 2-2: Strikes out swinging
|
| Top of the 8th over - 0 runs, 0 hits, 0 errors, 2 left on base; Kingsport 2 - Chicago (APP) 2 |
| BOTTOM OF THE 8TH |
|
Chicago (APP) Cubs batting - Pitching for Kingsport Mets : LHP Tony Diaz
|
|
Now at SS: Warren Carmichael
|
|
|
Batting: RHB Mike Hill
|
0-0: Called Strike 0-1: Ball 1-1: Foul Ball, location: 2F 1-2: Foul Ball, location: 2F 1-2: Ball 2-2: Ball 3-2: Strikes out swinging
|
|
Batting: LHB Hiroki Yamamoto
|
0-0: Ball 1-0: Ball 2-0: Reached on error, E6 (Groundball, 6, EV 76.2 MPH)
|
|
Batting: RHB T.J. Garrison
|
0-0: Called Strike 0-1: Ball Wild Pitch! Hiroki Yamamoto to third 1-1: Ball 2-1: Ball 3-1: Base on Balls
|
|
Batting: RHB Dustin Goldsborough
|
0-0: SINGLE (Flyball, 9, EV 96.2 MPH) Hiroki Yamamoto scores T.J. Garrison to second
|
|
Batting: RHB Andy Baumhardt
|
0-0: Ball Wild Pitch! T.J. Garrison to third Dustin Goldsborough to second 1-0: Intentional Walk
|
|
Batting: LHB Tom Mooney
|
0-0: Fly out, F8 (Flyball, 78M, EV 80.6 MPH)
|
|
Batting: RHB Ricardo Saucedo
|
0-0: Ball 1-0: Called Strike 1-1: Ball 2-1: Ball 3-1: Fielders Choice at 2nd, 5-4 (Groundball, 56, EV 90.0 MPH)
|
| Bottom of the 8th over - 1 run, 1 hit, 1 error, 3 left on base; Kingsport 2 - Chicago (APP) 3 |
| TOP OF THE 9TH |
|
Kingsport Mets batting - Pitching for Chicago (APP) Cubs : RHP Velimir Sljivancanin
|
|
Batting: RHB Andy Carrell
|
0-0: SINGLE (Groundball, 56, EV 100.0 MPH)
|
|
Batting: LHB Dan Bremseth
|
0-0: Ball 1-0: Ball 2-0: Foul Ball, location: 2F 2-1: Swinging Strike 2-2: Ball 3-2: SINGLE (Groundball, 34S, EV 63.1 MPH) (infield hit) Andy Carrell to second
|
|
Batting: LHB Miguel Ramos
|
0-0: Ball 1-0: Ball 2-0: Called Strike 2-1: 3-RUN HOME RUN (Flyball, 89XD, EV 105.6 MPH), Distance : 443 ft
|
|
Batting: SHB Nick Daigle
|
0-0: SINGLE (Groundball, 6M, EV 108.8 MPH) (infield hit)
|
|
Batting: LHB Matt Baker
|
0-0: Ball 1-0: Ball Nick Daigle steals 2nd base 2-0: Intentional Walk
|
|
Batting: RHB Warren Carmichael
|
0-0: Ball 1-0: Swinging Strike 1-1: Swinging Strike 1-2: Ball 2-2: Strikes out looking
|
|
Batting: LHB Jason Jones
|
0-0: Called Strike 0-1: Ball 1-1: Ball 2-1: Called Strike 2-2: Ball 3-2: Foul Ball, location: 2F 3-2: Foul Ball, location: 2F 3-2: Base on Balls Nick Daigle to third Matt Baker to second
|
|
Batting: LHB Jeremy Moorehead
|
0-0: Called Strike 0-1: Foul Ball, location: 2F 0-2: Ball 1-2: SINGLE (Groundball, 6M, EV 100.0 MPH) Nick Daigle scores Matt Baker to third Jason Jones to second Runner from 3rd tries for Home, throw by CF and OUT! 8-2 Jason Jones to third Jeremy Moorehead to second
|
|
Batting: SHB Tyler Maddux
|
0-0: Ball 1-0: DOUBLE (Groundball, 3L, EV 106.9 MPH) Jason Jones scores Jeremy Moorehead scores
|
|
Pitching: RHP Anastagio Fasola
|
|
|
Batting: RHB Andy Carrell
|
0-0: Ball 1-0: Fly out, F9 (Flyball, 9LM, EV 88.1 MPH)
|
| Top of the 9th over - 6 runs, 6 hits, 0 errors, 1 left on base; Kingsport 8 - Chicago (APP) 3 |
| BOTTOM OF THE 9TH |
|
Chicago (APP) Cubs batting - Pitching for Kingsport Mets : LHP Tony Diaz
|
|
Batting: RHB Bogdan Sdobnyakov
|
0-0: Foul Ball, location: 2F 0-1: DOUBLE (Line Drive, 9LS, EV 108.8 MPH)
|
|
Batting: RHB Adrian Cox
|
0-0: Ball 1-0: Foul Ball, location: 2F 1-1: Ball 2-1: Fly out, F9 (Flyball, 9D, EV 75.0 MPH)
|
|
Pitching: LHP Matt Allert
|
|
|
Batting: RHB Mike Hill
|
0-0: Called Strike 0-1: Foul Ball, location: 2F 0-2: Strikes out swinging
|
|
Batting: LHB Hiroki Yamamoto
|
0-0: Called Strike 0-1: Ground out 4-3 (Groundball, 4, EV 86.2 MPH)
|
| Bottom of the 9th over - 0 runs, 1 hit, 0 errors, 1 left on base; Kingsport 8 - Chicago (APP) 3 |
|